[Event "Early-Titled-Tuesday-Blitz-February-20-2024"]
[Site "Chess.com"]
[Date "2024.02.20"]
[Round "10"]
[White "Al_Shima"]
[Black "DonMicheleCorleone"]
[Result "1-0"]
[WhiteElo "2390"]
[BlackElo "2506"]
[TimeControl "180+1"]
[EndTime "9:59:44 PST"]
[Termination "Al_Shima won by resignation"]

1. d4 Nf6 2. Nc3 d5 3. Bf4 Bf5 4. e3 e6 5. f3 c6 6. g4 Bg6 7. h4 h5 8. g5 Ng8 9. Bd3 Ne7 10.
Nge2 Na6 11. a3 Nf5 12. Qd2 Bd6 13. O-O-O Bxf4 14. Nxf4 Qb6 15. Nxg6 fxg6 16. Ne2 O-O-O 17. Nf4 c5 18. Nxg6 Rhe8 19. Bxf5 exf5 20. Nf4 c4 21. Nxh5 Re7 22. Rhe1 Rc7 23. Qc3 Rcd7 24. Nf4 Nc7 25. e4 Nb5 26. Qb4 dxe4 27. fxe4 fxe4 28. d5 c3 29. bxc3 a5 30. Qb3 Rc7 31. c4 Qf2 32.
Qxb5 Qxf4+ 33. Kb1 e3 34. c5 Qe5 35. Qxa5 Rxd5 36.
Rxd5 Qxd5 37. Rxe3 Qd1+ 38. Kb2 Qd4+ 39. Rc3 Rc6 40.
Qb4 Qe5 41. Qg4+ Kd8 42. Qg3 Rxc5 43. Qxe5 Rxe5 44. Rh3 Ke7 45. Kc3 Rc5+ 46. Kb3 Kf7 47. c4 Kg6 48. Kb4 Rc6 49. a4 Kh5 50. a5 Kg4 51.
Rh1 g6 52. Kb5 Re6 53. c5 Kh5 54. Rh2 Kg4 55. Rh1 Kh5 56. Kc4 Kg4 57. Kd5 Ra6 58. Ra1 Kxh4 59. Kc4 Kxg5 60. Kb5 Kf5 61. Rf1+ Ke5 62. Rf7 g5 63. Rxb7 Rg6 64. Re7+ Kd5 65. a6 g4 66. a7 Rg8 67. Rg7 Rxg7 68. a8=Q+ Ke5 69. Qg2 Kf4 70. c6 Rg5+ 71. Kb6 Rg6 72. Kb7 g3 73. c7 Rh6 74. c8=Q Rh2 75. Qc4+ Kg5 76. Qxg3+ 1-0

[Event "Early-Titled-Tuesday-Blitz-February-20-2024"]
[Site "Chess.com"]
[Date "2024.02.20"]
[Round "10"]
[White "Cubitas"]
[Black "N_Mullodzhanov"]
[Result "1-0"]
[WhiteElo "2648"]
[BlackElo "2484"]
[TimeControl "180+1"]
[EndTime "9:59:49 PST"]
[Termination "Cubitas won by checkmate"]

1. e4 c6 2. Nc3 d5 3. Nf3 Bg4 4. h3 Bxf3 5. Qxf3 e6 6. Be2 Bc5 7. d3 Nd7 8. Bf4 Ne7 9. O-O-O Ng6 10. Bh2 a5 11. d4 Be7 12. exd5 cxd5 13. Bb5 Rc8 14.
Rde1 O-O 15. h4 Nxh4 16. Qh3 h6 17. Nxd5 exd5 18. Bxd7 Rc4 19. Be5 Ng6 20. Bf5 Bg5+ 21. Kb1 Nxe5 22. dxe5 Qb6 23. Qd3 Rb4 24. b3 Qxf2 25.
Rhf1 Qd4 26. e6 Qxd3 27. Bxd3 fxe6 28. Bh7+ Kxh7 29. Rxf8 Rg4 30. Re2 Bf6 31. Rb8 e5 32. Rxb7 e4 33. b4 axb4 34. Rxb4 Rf4 35. a3 Rf1+ 36. Ka2 Ra1+ 37. Kb3 Be7 38. Ra4 Bf6 39. c3 Rb1+ 40. Kc2 Rb8 41. Ra5 Rc8 42. Re3 d4 43. Rxe4 Rxc3+ 44. Kd2 Rg3 45. Re2 Bg5+ 46. Ke1 d3 47. Rxg5 d2+ 48. Rxd2 Rxg5 49. Ra2 Ra5 50. Kd2 g5 51. Kc3 Kg6 52. Kb4 Ra8 53. a4 Kf5 54.
a5 Ke4 55. a6 Kd5 56. Kb5 Rb8+ 57. Ka5 Kc5 58. Rc2+ Kd6 59. a7 Rf8 60. Ka6 h5 61. Kb7 g4 62. Rc8 Rf7+ 63. Kb6 Rxa7 64. Kxa7 Ke5 65.
Rc5+ Kf4 66. Rxh5 Kg3 67. Rg5 Kh4 68. Rg8 Kg3 69. Kb6 Kxg2 70. Rxg4+ Kh3 71. Rb4 Kg3 72. Kc5 Kf3 73. Kd5 Ke3 74. Ra4 Kd3 75. Ra3+ Kd2 76.
Kc4 Ke2 77. Kd4 Kf2 78. Ke4 Ke2 79. Ra2+ Kd1 80. Ke3 Kc1 81. Kd3 Kb1 82. Rh2 Kc1 83. Rg2 Kb1 84. Kc3 Ka1 85. Kb3 Kb1 86. Rg1# 1-0

[Event "Early-Titled-Tuesday-Blitz-February-20-2024"]
[Site "Chess.com"]
[Date "2024.02.20"]
[Round "10"]
[White "RantomOpening"]
[Black "baki83"]
[Result "0-1"]
[WhiteElo "2550"]
[BlackElo "2866"]
[TimeControl "180+1"]
[EndTime "9:59:56 PST"]
[Termination "baki83 won by resignation"]

1. c4 e5 2. Nc3 Nf6 3. Nf3 e4 4.
Ng5 c6 5. Qa4 Qe7 6. c5 e3 7.
fxe3 Qxc5 8. Nge4 Nxe4 9. Qxe4+ Be7 10. d4 Qg5 11. Qd3 Qg6 12. Qxg6 hxg6 13. e4 d6 14. Bf4 Na6 15. e3 Nc7 16. e5 d5 17. Bd3 Bh4+ 18.
Kd2 g5 19. Bg3 Be6 20. b4 a6 21. a4 Bxg3 22. hxg3 Ke7 23. a5 Rh6 24. Rxh6 gxh6 25.
Na4 Rh8 26. Nc5 Bc8 27. g4 Ne6 28. Bf5 h5 29. Rh1 h4 30. Ke2 Bd7 31. Kf2 Rb8 32. g3 b6 33. Nxa6 Ra8 34. Bxe6 fxe6 35. Nc7 Rb8 36. Na6 Ra8 37. Nc7 Rf8+ 38. Kg2 bxa5 39. bxa5 Kd8 40. Na6 Be8 41. Nc5 Ke7 42. a6 Bg6 43. a7 Ra8 44. Ra1 hxg3 45. Kxg3 Bf7 46. Kf3 Kd8 47. Nb7+ Kc7 48. Nd6 Bg6 49. Ra3 Bc2 50.
Ke2 Bg6 51. Kd2 Bb1 52. Kc3 Bg6 53. Kb4 Kb6 54. Kc3 Kc7 55. Ra6 Bb1 56. Kb4 Bd3 57. Ra3 Be2 58. Kc5 Bxg4 59. Ra6 Kd7 60. Ra5 Kc7 61. Ra6 Be2 62. Ra2 Bd3 63. Ra5 g4 64. Ra2 g3 65. Ra1 g2 66. Rg1 Bf1 67. Kb4 Rxa7 68.
Kc3 Ra2 69. e4 dxe4 70. Nxe4 Ra3+ 71. Kd2 Rh3 72. Nf2 Ra3 73. Ke1 Re3+ 74. Kd2 Re2+ 75. Kd1 Rxf2 76. Rxg2 Rxg2 0-1

[Event "Early-Titled-Tuesday-Blitz-February-20-2024"]
[Site "Chess.com"]
[Date "2024.02.20"]
[Round "10"]
[White "mbojan"]
[Black "Salem-AR"]
[Result "0-1"]
[WhiteElo "2872"]
[BlackElo "2990"]
[TimeControl "180+1"]
[EndTime "9:59:58 PST"]
[Termination "Salem-AR won by resignation"]

1. e4 c5 2. Nf3 d6 3. d4 cxd4 4. Nxd4 Nf6 5. Nc3 Nc6 6. Bg5 e6 7. Qd2 a6 8. O-O-O Be7 9. Bxf6 gxf6 10. f4 Bd7 11. Kb1 Nxd4 12. Qxd4 Qa5 13. f5 Qc5 14. Qd2 O-O-O 15. Be2 h5 16. Bf3 Kb8 17. Qe2 h4 18.
Bg4 Qe5 19. h3 Rc8 20. Rd3 Rc5 21. Rc1 Rhc8 22. Qd2 Bc6 23. Qe1 b5 24. a3 a5 25.
Bf3 Bb7 26. Na2 exf5 27. Re3 f4 28. Re2 Bd8 29. c3 Rc4 30. Rd1 Bb6 31. Qxh4 Be3 32. Qe1 Bxe4+ 33. Bxe4 Rxe4 34. Ka1 f5 35. Rd3 Bc5 36.
Rdd2 Re8 37. Nc1 Be3 38. Rc2 Bxc1 39. Rxe4 fxe4 40. Rxc1 e3 41. c4 e2 42. cxb5 Qxb5 43. Qd2 Qb6 44. Re1 Qe3 45. Qxa5 Kb7 46. Qb5+ Kc7 47.
Kb1 Re5 48. Qc4+ Kd8 49. Qxf7 Qd2 50. Qf8+ Kd7 51. Qf7+ Kc6 52. Qc4+ Rc5 53. Qe4+ d5 54.
Qxe2 Rc1+ 55. Ka2 Qxe1 56. Qa6+ Kd7 57. Qb7+ Kd6 58. Qb6+ Ke5 59. Qb8+ Ke4 60. Qe8+ Kd4 61. Qb5 Ra1+ 62. Kb3 Qd1+ 63. Kb4 Qd2+ 64. Ka4 Qc2+ 65. b3 Qc1 66. Qb6+ Kd3 67. Qg6+ Ke3 68. Qe6+ Kf2 69.
Qd6 d4 70. Qxd4+ Kxg2 71. Qd5+ f3 72. Qd6 Qxa3+ 73. Qxa3 Rxa3+ 74. Kxa3 f2 0-1

[Event "Early-Titled-Tuesday-Blitz-February-20-2024"]
[Site "Chess.com"]
[Date "2024.02.20"]
[Round "10"]
[White "maurovargas01"]
[Black "kibromNNN"]
[Result "1-0"]
[WhiteElo "1874"]
[BlackElo "1748"]
[TimeControl "180+1"]
[EndTime "10:00:02 PST"]
[Termination "maurovargas01 won on time"]

1. e4 d6 2. Nc3 Nf6 3. f4 c6 4. Nf3 Bg4 5. Be2 Nbd7 6. d4 Bxf3 7. Bxf3 e5 8. fxe5 dxe5 9. dxe5 Nxe5 10. O-O Bc5+ 11.
Kh1 O-O 12. Be2 Qxd1 13. Rxd1 Rad8 14. Bf4 Ng6 15. Bg5 Rxd1+ 16. Rxd1 Re8 17. Bd3 Ng4 18. Rf1 N6e5 19. h3 Nf2+ 20. Kh2 Nfxd3 21. cxd3 Nxd3 22.
b3 Bd4 23. Ne2 Be5+ 24. g3 f6 25. Be3 b6 26. Rd1 Nb4 27. a3 Nc2 28. Bc1 Re7 29. Kg2 c5 30. Nf4 Nd4 31. b4 cxb4 32. Nd5 Rd7 33.
axb4 Kf7 34. Be3 Nc6 35. b5 Ne7 36. Rd2 Nxd5 37. exd5 Ke7 38. Kf3 Rc7 39. Bf4 Bxf4 40. gxf4 Kd6 41. Rd4 Rc5 42. Ke4 Rxb5 43. f5 a5 44. h4 Rb4 45. h5 Rxd4+ 46. Kxd4 a4 47. Kc4 a3 48. Kb3 Kxd5 49. Kxa3 Ke5 50. Kb4 Kxf5 51. h6 Kg5 52. hxg7 h5 53. g8=Q+ Kf4 54. Qc4+ Kg3 55. Qc7+ Kg4 56. Qxb6 f5 57. Qg1+ Kf4 58. Qf2+ Kg4 59. Qg2+ Kf4 60. Kc3 h4 61. Kd4 h3 62.
Qh2+ 1-0

[Event "Early-Titled-Tuesday-Blitz-February-20-2024"]
[Site "Chess.com"]
[Date "2024.02.20"]
[Round "10"]
[White "Licancabur"]
[Black "CM_rui"]
[Result "1-0"]
[WhiteElo "2445"]
[BlackElo "2599"]
[TimeControl "180+1"]
[EndTime "10:00:15 PST"]
[Termination "Licancabur won by checkmate"]

1. d4 Nf6 2. Bg5 d5 3. e3 c5 4. Bxf6 gxf6 5. dxc5 Nc6 6. Nf3 e5 7. Nc3 Be6 8. Qd2 Bxc5 9. O-O-O Qa5 10. Bb5 a6 11.
Ba4 b5 12. Bb3 d4 13. Ne4 Qxd2+ 14. Nfxd2 dxe3 15. Nxc5 exd2+ 16. Rxd2 Bxb3 17. axb3 Ra7 18. Rhd1 a5 19. Rd6 Rc7 20. c3 O-O 21. Nd7 Rfc8 22. Nxf6+ Kg7 23. Nh5+ Kf8 24. Nf6 Kg7 25. Nd5 Rb7 26.
Kb1 a4 27. b4 Nd8 28. Ne3 Ne6 29. Nf5+ Kf6 30. g4 h5 31. h3 hxg4 32. hxg4 Rg8 33. f3 Rh8 34. R6d5 Rh3 35. Nd6 Rb6 36. Rxb5 Ra6 37. Ne4+ Kg7 38. Rxe5 Rxf3 39. Ng5 Nxg5 40.
Rxg5+ Kf6 41. Rc5 a3 42. Rb5 a2+ 43. Ka1 Rf2 44. Ra5 Re6 45. Rxa2 Ree2 46. Rb1 Kg5 47. b5 Kxg4 48. b6 Rf6 49. Ra4+ Kg5 50. Ra5+ Kg6 51. Ra6 Ree6 52. Ka2 Rxb6 53. Rxb6 Rxb6 54. b4 f5 55. Kb3 f4 56. c4 Kf5 57. c5 Rb8 58. Kc4 Ke4 59.
b5 f3 60. c6 f2 61. Kc5 Rg8 62. Rf1 Ke3 63. b6 Ke2 64. Rxf2+ Kxf2 65. b7 Ke3 66. c7 Rg5+ 67. Kc4 Rg4+ 68. Kc3 Rg1 69. c8=Q Rc1+ 70. Kb2 Rd1 71. Qe6+ Kd2 72. Qd5+ Ke2 73.
Qxd1+ Kf2 74. b8=Q Kg2 75. Qg8+ Kh3 76. Qh5# 1-0

[Event "Early-Titled-Tuesday-Blitz-February-20-2024"]
[Site "Chess.com"]
[Date "2024.02.20"]
[Round "10"]
[White "Ordekalog"]
[Black "NastyaHn"]
[Result "1-0"]
[WhiteElo "2622"]
[BlackElo "2448"]
[TimeControl "180+1"]
[EndTime "10:00:19 PST"]
[Termination "Ordekalog won by resignation"]

1. e4 e6 2. Bb5 c6 3. Ba4 d5 4. d3 Qa5+ 5. c3 Nf6 6. Nd2 Be7 7.
Ngf3 Qc7 8. O-O O-O 9. Qe2 Rd8 10.
Re1 b6 11. e5 Nfd7 12. d4 Ba6 13. Qe3 c5 14. Nf1 Bxf1 15. Rxf1 Nf8 16. h4 Nc6 17. Bd2 Na5 18. Qd3 Nc4 19. Rab1 Nxd2 20. Qxd2 Rac8 21. Rbc1 Qb7 22. Bb5 a6 23. Bd3 b5 24. h5 h6 25.
Nh2 Qb6 26. Bb1 cxd4 27. cxd4 Rc4 28. Rcd1 Rdc8 29. Ng4 Bg5 30. f4 Be7 31. Kh1 Qd8 32.
Qd3 Bb4 33. g3 Ba5 34. Ne3 R4c7 35. Kg2 Bb6 36. Qe2 Rc4 37. Nxc4 dxc4 38. Qe4 Qd5 39.
Qxd5 exd5 40. f5 b4 41. Rfe1 Rc6 42. g4 a5 43. Kf3 Bd8 44. b3 c3 45. Bd3 c2 46.
Rc1 Rc3 47. Ke2 Bb6 48. Rxc2 Bxd4 49. Rxc3 Bxc3 50. Rc1 Bxe5 51. Rc8 Bc3 52. Bb5 g6 53.
fxg6 fxg6 54. hxg6 Kg7 55. Bd3 Nxg6 56. Rc7+ Kf6 57.
Rc6+ Ke5 58. Rxg6 Kf4 59. Rxh6 Kxg4 60. Ra6 d4 61. Rxa5 Kf4 62. Rf5+ Kg3 63. Rf3+ Kg4 64. Rf7 Kg3 65. Ra7 Kf4 66. a4 bxa3 67. Rxa3 Ke5 68. Ra6 Kd5 69. Rg6 Kc5 70. Rg8 Kb4 71. Bc4 Ka3 72. Kd3 Kb2 73. Rg4 Ka3 74. Rxd4 Bxd4 75.
Kxd4 Kb4 76. Kd5 Ka5 77. Kd4 Kb4 78. Kd3 Ka5 79. Kc3 Kb6 80. Kb4 Ka7 81. Ka5 Kb7 82. b4 Ka7 83. b5 Kb7 84. b6 Kb8 85. Ka6 Ka8 86. b7+ Kb8 87. Bd3 1-0

[Event "Early-Titled-Tuesday-Blitz-February-20-2024"]
[Site "Chess.com"]
[Date "2024.02.20"]
[Round "10"]
[White "K_A_S_T_O_R"]
[Black "szachuspl"]
[Result "0-1"]
[WhiteElo "2802"]
[BlackElo "2521"]
[TimeControl "180+1"]
[EndTime "10:00:22 PST"]
[Termination "szachuspl won by resignation"]

1. e4 c5 2. Nf3 Nf6 3. e5 Nd5 4. Nc3 Nxc3 5. dxc3 Nc6 6. Bc4 e6 7. Bf4 h6 8. h4 Qc7 9. Qd2 a6 10. O-O-O b5 11. Bd3 Bb7 12. Be4 Be7 13. Rhe1 O-O-O 14. g3 Kb8 15. Kb1 c4 16. Qe3 Rhg8 17. h5 Rgf8 18.
g4 Rh8 19. Bg3 Ka8 20. Nd4 Na5 21. f4 Kb8 22. Bf2 Bxe4 23. Qxe4 d5 24. exd6 Bxd6 25.
f5 e5 26. Ne2 f6 27. Ng3 Bc5 28.
Qe2 Bxf2 29. Qxf2 Rxd1+ 30. Rxd1 Rd8 31. Rxd8+ Qxd8 32. Kc1 Kb7 33. Qc5 Qc7 34. Ne4 Qxc5 35.
Nxc5+ Kc6 36. Ne6 Kd7 37. Nxg7 Nc6 38. Ne6 e4 39. Nc5+ Ke7 40. Nxe4 Ne5 41. Nf2 Kd6 42.
Kd2 Nf3+ 43. Ke3 Ne1 44. Kd2 Nf3+ 45. Ke2 Nh2 46. b3 Ke5 47. bxc4 bxc4 48. Ke3 a5 49. a4 Nf1+ 50. Kf3 Nd2+ 51. Ke2 Nb1 52. g5 fxg5 53. Ng4+ Kxf5 54. Nxh6+ Ke6 55. Ng4 Nxc3+ 56. Ke3 Nxa4 57.
Kd4 Nb6 58. Kc5 a4 59. Kb4 Kf5 60. h6 Kg6 61. c3 Kh7 62. Ka3 Kg6 63. Kb4 Kh7 64.
Ka3 Kg6 65. Kb2 Nd5 66. Kc2 a3 67. Ne5+ Kxh6 68. Nxc4 a2 69. Kb2 Nxc3 70. Ne3 Kh5 71. Nf5 Kg4 72. Nd4 Kf4 73. Nc2 Ne2 74. Kxa2 g4 75.
Kb2 g3 76. Ne1 Ke3 77. Kc2 Kf2 78. Kd2 Nf4 79. Kd1 Ke3 80. Nc2+ Ke4 81. Ne1 Nd3 82. Ng2 Kf3 83. Nh4+ Kf2 84. Kd2 Ne5 85. Kc3 Nf3 86. Nf5 g2 87. Ng3 Kxg3 0-1

[Event "Early-Titled-Tuesday-Blitz-February-20-2024"]
[Site "Chess.com"]
[Date "2024.02.20"]
[Round "10"]
[White "NM_Antelacus"]
[Black "Chessbard1972"]
[Result "0-1"]
[WhiteElo "2249"]
[BlackElo "2452"]
[TimeControl "180+1"]
[EndTime "10:00:24 PST"]
[Termination "Chessbard1972 won on time"]

1. e4 c5 2. Nf3 a6 3. c4 e6 4. d4 cxd4 5. Nxd4 Nf6 6. Bd3 Qc7 7. O-O Bc5 8. Be3 b6 9. Nc3 Nc6 10. Nc2 Ne5 11. b3 Nfg4 12. g3 Nxe3 13. Nxe3 Nxd3 14.
Qxd3 Bb7 15. Rad1 Bc6 16. Nc2 Bb4 17. f3 O-O 18. Nxb4 Bb7 19. Nc2 Rad8 20. Ne3 h5 21.
Qd6 Qc8 22. Qxb6 h4 23. Qd6 Bc6 24. Ng4 f5 25. exf5 Rxf5 26. f4 Qb7 27. Ne5 Bh1 28. Qd2 hxg3 29. hxg3 Rh5 30. Qf2 d6 31. Nf3 Rf8 32.
Rde1 Rf6 33. Ne4 Rfh6 34. Nxd6 Bxf3 35. Qxf3 Rh1+ 36. Kf2 R6h2+ 37. Ke3 Qb6+ 38. Ke4 Rxf1 39. Rxf1 Qxd6 40. Rd1 Qc6+ 41. Ke3 Qc5+ 42. Kd3 Qa3 43. Rd2 Rxd2+ 44. Kxd2 Qxa2+ 45. Kd1 Qb1+ 46. Kd2 Qb2+ 47. Ke1 Qc1+ 48. Kf2 Qc2+ 49. Kg1 Qc1+ 50. Kg2 Qc2+ 51. Kh3 Qh7+ 52. Kg2 Qc2+ 53. Qf2 Qxb3 54. Qe2 Kf7 55. Qe4 a5 56. f5 Qb2+ 57. Kh3 Qf6 58. Qb7+ Kg8 59. Qa7 Qxf5+ 60. Kg2 Kh7 61. Qa6 Qe4+ 62. Kf2 Qd4+ 63. Kf3 Qe5 64. Kf2 Kg6 65. Kf3 Kg5 66. Kf2 Kg4 67. Qb5 Qxg3+ 68. Ke2 Qf3+ 69. Kd2 Qf4+ 70.
Kd3 Qf5+ 71. Kd4 Kf4 72. Qb8+ e5+ 73. Kc3 Ke3 74. c5 Qd3+ 75. Kb2 Qd4+ 76. Kb3 Qxc5 77. Qe8 Qb4+ 78. Kc2 e4 79. Qf7 Qc5+ 80. Kd1 Qd4+ 81.
Kc1 Qd2+ 82. Kb1 Qd1+ 83. Kb2 Qe2+ 84. Kb1 Qb5+ 85. Kc1 Qc5+ 86. Kb1 Qb4+ 87. Kc1 Qc3+ 88. Kb1 Qe1+ 89. Kb2 Qf2+ 0-1

[Event "Early-Titled-Tuesday-Blitz-February-20-2024"]
[Site "Chess.com"]
[Date "2024.02.20"]
[Round "10"]
[White "DonkyDonkyDonkey"]
[Black "Jumbo"]
[Result "1/2-1/2"]
[WhiteElo "2914"]
[BlackElo "2835"]
[TimeControl "180+1"]
[EndTime "10:00:26 PST"]
[Termination "Game drawn by repetition"]

1. d4 Nf6 2. Nc3 d5 3. Bf4 c5 4. e3 cxd4 5. exd4 a6 6. Nf3 Bg4 7. h3 Bxf3 8. Qxf3 Nc6 9. O-O-O e6 10. g4 Bb4 11. a3 Bxc3 12. Qxc3 Rc8 13. Qe3 Na5 14.
Kb1 Nc4 15. Bxc4 Rxc4 16. f3 Nd7 17. h4 Nb6 18. h5 h6 19. Be5 f6 20. Bg3 Qe7 21. Rhe1 Rc6 22. Qd3 Nc4 23. Ka1 O-O 24. f4 Rfc8 25. Bh4 Nd6 26. Rc1 Ne4 27. Qb3 b5 28. f5 Rc4 29. fxe6 Qxe6 30. c3 Qxg4 31.
Rh1 Qd7 32. Rcg1 a5 33. Be1 b4 34. cxb4 Qb5 35. a4 Qd7 36. b5 Rxd4 37. Ka2 Rcc4 38. Bc3 Rxa4+ 39. Kb1 Rac4 40. b6 a4 41. b7 axb3 42.
b8=Q+ Rc8 43. Qxb3 Nxc3+ 44. bxc3 Rdc4 45. Rg3 Qc7 46. Rhg1 Kh8 47. Rxg7 Qxg7 48. Rxg7 Kxg7 49. Qb7+ R8c7 50. Qxd5 Rxc3 51. Qg2+ Kf8 52. Qg6 Rb7+ 53. Ka2 Rc6 54. Qxh6+ Ke8 55. Qe3+ Kd7 56. Qd3+ Kc7 57. h6 Kb8 58. Qd8+ Rc8 59. Qxf6 Ka7 60. Qd4+ Kb8 61. Qe5+ Ka7 62. Qe3+ Ka8 63. Qe4 Rc5 64. Qa4+ Kb8 65.
Qe8+ Ka7 66. Qa4+ Kb6 67. Qb4+ Rb5 68. Qd6+ Ka7 69. Qd4+ Ka6 70. Qc4 Ra7 71. Qc6+ Ka5 72. Ka3 Rb6 73. Qc5+ Ka6 74. Qc8+ Kb5+ 75. Kb3 Ka5+ 76.
Kc3 Rxh6 77. Qc5+ Ka6 78. Qc4+ Kb7 79. Qf7+ Ka6 80. Qf1+ Ka5 81. Qf5+ Ka6 82. Qd3+ Ka5 83. Qd5+ Ka6 84. Qc4+ Kb7 85. Qf7+ Ka6 86. Qc4+ 1/2-1/2

[Event "Early-Titled-Tuesday-Blitz-February-20-2024"]
[Site "Chess.com"]
[Date "2024.02.20"]
[Round "10"]
[White "Ural_bogatyr"]
[Black "GoltsevDmitry2000"]
[Result "1/2-1/2"]
[WhiteElo "2619"]
[BlackElo "2775"]
[TimeControl "180+1"]
[EndTime "10:00:31 PST"]
[Termination "Game drawn - insufficient material"]

1. d4 e6 2. e4 d5 3. Nc3 c5 4. exd5 exd5 5. Nf3 Nf6 6. Bb5+ Nc6 7. O-O Be7 8. dxc5 Bxc5 9. Bg5 Be6 10. Ne2 O-O 11. h3 h6 12. Bh4 a6 13. Bd3 Re8 14. a3 g5 15. Bg3 Ne4 16. Bh2 Qf6 17. Ng3 Rad8 18.
b4 Ba7 19. Bxe4 dxe4 20. Nxe4 Qg6 21. Nd6 Bb8 22. Re1 Re7 23. c4 Bxc4 24. Rxe7 Nxe7 25. Ne5 Rxd6 26. Nxg6 Rxd1+ 27. Rxd1 Bxh2+ 28. Kxh2 Nxg6 29.
Rd7 b5 30. Rd6 Kg7 31. Rxa6 Ne5 32. a4 bxa4 33. Rxa4 Nd3 34. Ra5 Nxf2 35. b5 Ne4 36.
b6 Nd6 37. Rc5 Ba6 38. Rc6 Nb7 39. Kg3 Bd3 40. Kf3 Bf5 41. Rc7 Be6 42. Ke4 Bd7 43. Kd5 Be6+ 44. Ke5 Na5 45. b7 Nxb7 46. Rxb7 Bc4 47. g3 Bf1 48. h4 gxh4 49. gxh4 Bg2 50.
Rb2 Bf3 51. Rf2 Bg4 52. Rf4 f5 53. Ra4 Kg6 54. Kf4 Kg7 55. Ra6 Bh3 56. h5 Bg4 57.
Rg6+ Kh7 58. Rb6 Kg7 59. Ke5 Bxh5 60. Kxf5 Bd1 61. Rb7+ Kf8 62. Kg6 h5 63. Rd7 Bg4 64. Ra7 Ke8 65. Kf6 Kd8 66. Rh7 Kc8 67. Ke5 Kd8 68.
Kd6 Ke8 69. Ke5 Kf8 70. Kf6 Kg8 71. Ra7 Bd1 72. Ra1 Bg4 73. Ra7 Bf3 74. Re7 h4 75. Re3 Bg2 76. Re2 h3 77. Rf2 Kh7 78. Rf4 Kg8 79.
Rh4 Bf1 80. Rh5 Bg2 81. Rh6 Bf1 82. Kg6 Kf8 83. Kf6 Ke8 84. Rh7 Bg2 85. Ke6 Kf8 86. Kf6 Kg8 87. Rh4 Bf1 88. Rg4+ Kf8 89. Rh4 Ke8 90. Kg6 Ke7 91. Re4+ Kd6 92. Rh4 Bg2 93.
Kf5 Kd5 94. Kf4 Kd4 95. Kg3+ Ke3 96. Rh8 Kd3 97. Re8 Kc4 98. Re1 Kd5 99. Re2 Bf1 100.
Rf2 Bg2 101. Rxg2 hxg2 102. Kxg2 1/2-1/2

[Event "Early-Titled-Tuesday-Blitz-February-20-2024"]
[Site "Chess.com"]
[Date "2024.02.20"]
[Round "10"]
[White "deribas12345"]
[Black "Der_Balak_3Halak"]
[Result "0-1"]
[WhiteElo "2597"]
[BlackElo "2463"]
[TimeControl "180+1"]
[EndTime "10:00:52 PST"]
[Termination "Der_Balak_3Halak won by checkmate"]

1. d4 d5 2. c4 c6 3. Nc3 Nf6 4. Nf3 e6 5. g3 Be7 6. Bg2 O-O 7. O-O Nbd7 8. b3 b6 9. Bb2 Ba6 10. cxd5 cxd5 11. Re1 Rc8 12. Rc1 Bb7 13. Qd3 Ne4 14. Red1 Bb4 15. Na4 Qe7 16. Rxc8 Rxc8 17. Rc1 Rxc1+ 18.
Bxc1 Ba3 19. Bf4 h6 20. h4 Bd6 21. Bxd6 Qxd6 22. Qc2 Qc6 23. Ne1 Ndf6 24. e3 Kf8 25.
Qxc6 Bxc6 26. Nb2 Nc3 27. a4 Ne2+ 28. Kf1 Nc1 29. b4 a5 30. Nc2 b5 31. bxa5 bxa4 32. Na3 Bb7 33. Ke1 Nb3 34. Nxa4 Nxa5 35. Nc5 Bc8 36. Kd2 Nd7 37. Kc3 Nc6 38. Bf1 Ke7 39.
Nd3 e5 40. Nb5 e4 41. Nb4 Nxb4 42. Kxb4 Ba6 43. Be2 Nf6 44. Ka5 Bxb5 45. Kxb5 Kd6 46. Kb6 h5 47. Kb7 Kd7 48. Bb5+ Kd6 49. Be2 Kd7 50. Kb6 Kd6 51. Bd1 g6 52. Kb5 Nd7 53. Ka6 f6 54. Kb7 Nf8 55. Kc8 Ne6 56. Bb3 g5 57.
Bd1 g4 58. Bb3 Kc6 59. Ba4+ Kd6 60. Be8 Ng7 61. Bg6 Ke7 62. Kc7 f5 63. Kc6 Kf6 64. Bh7 Ne6 65. Kxd5 Nc7+ 66. Kd6 Nb5+ 67. Kd7 Nc3 68. Bg8 Nd1 69. Kc7 Nxf2 70. d5 f4 71.
exf4 e3 72. d6 e2 73. d7 e1=Q 74. d8=Q+ Qe7+ 75. Qxe7+ Kxe7 76. Bd5 Kf6 77. Kd6 Nd3 78.
Be4 Nf2 79. Kd5 Nd1 80. Kd4 Nf2 81. Bc2 Nh1 82. Ke3 Nxg3 83. Kf2 Nf5 84. Kg2 Nxh4+ 85. Kg3 Ng6 86. Kh2 Nxf4 87. Bd1 Kg5 88. Kg3 h4+ 89. Kf2 g3+ 90. Kg1 Nd5 91. Bf3 Ne3 92.
Kh1 Kf4 93. Bc6 h3 94. Bb7 Ng4 95. Kg1 Ke3 96. Bf3 Kxf3 97. Kh1 g2+ 98. Kg1 h2# 0-1

[Event "Early-Titled-Tuesday-Blitz-February-20-2024"]
[Site "Chess.com"]
[Date "2024.02.20"]
[Round "10"]
[White "LionTheLeon_06"]
[Black "VladimirKramnik"]
[Result "0-1"]
[WhiteElo "2889"]
[BlackElo "2981"]
[TimeControl "180+1"]
[EndTime "10:01:23 PST"]
[Termination "VladimirKramnik won on time"]

1. d4 Nf6 2. Nf3 d6 3. e3 g6 4. c4 Bg7 5. Nc3 O-O 6. Be2 c5 7. O-O cxd4 8. Nxd4 Nc6 9. b3 Bd7 10. Bb2 a6 11. Rc1 Nxd4 12. Qxd4 b5 13. Nd5 Bc6 14. Qd2 Ne4 15. Qc2 Bxb2 16. Qxb2 Bxd5 17. cxd5 b4 18. Rc4 Nc3 19. Rxb4 Nxd5 20. Rc4 Rb8 21. Rd4 Nc7 22. Rc1 Ne6 23. Ra4 Nc5 24. Rd4 Qb6 25.
b4 Ne6 26. Rdc4 d5 27. Rc6 Qxb4 28. Qxb4 Rxb4 29. Rxa6 Rfb8 30. g3 Ng5 31. h4 Ne4 32.
Bf3 Nf6 33. Rc2 Kg7 34. Kg2 e5 35. Rd2 e4 36. Bd1 Rb2 37. Rxb2 Rxb2 38. Kf1 Rb1 39. Ke1 Ng4 40. Ra5 Ne5 41. Rxd5 Nd3+ 42. Kd2 Rb2+ 43. Kc3 Rxa2 44. f3 Ra3+ 45. Kd2 Nf2 46. Be2 Nh1 47.
g4 Ra2+ 48. Ke1 Ng3 49. Bd1 Rh2 50. h5 gxh5 51. gxh5 h6 52. fxe4 Nxe4 53. Bf3 Ng5 54. Be2 Kf6 55. Ra5 Ne4 56. Bf3 Ng3 57. Rb5 Nf5 58. Rb6+ Kg5 59. Rb5 Kf6 60. Rb6+ Kg7 61. Rb3 Nh4 62. Be2 Nf5 63. Bf3 Ra2 64. Bg4 Nd6 65. Bf3 Nc4 66. Rc3 Ne5 67. Be2 Ra1+ 68.
Kf2 Rh1 69. Rc5 Nd7 70. Rb5 Nf6 71. Bf3 Rh4 72. Kg3 Rc4 73. Ra5 Rc7 74. Kf4 Rc4+ 75. Kg3 Nd7 76. Rd5 Nf8 77. Re5 Rc7 78. Bg4 Kf6 79.
Rf5+ Kg7 80. Re5 Nh7 81. Rf5 Ng5 82. Be2 Rc3 83. Kf2 Ne4+ 84. Kf3 Nf6 85. Kf2 Ng8 86. Bf3 Ne7 87. Rb5 Kf6 88. Kg3 Nf5+ 89. Kf4 Nd6 90.
Rb6 Ke7 91. Kg3 Rxe3 92. Kf2 Re5 93. Ra6 Rc5 94. Kg3 Rc4 95. Kf2 Rd4 96. Kg3 Kf6 97. Kf2 Kg5 98. Ke3 Nf5+ 99. Kf2 Kf4 100. Ra2 Rd6 101. Be2 Nd4 102. Bd3 f5 103. Ra7 Rb6 104. Ra4 Ke5 105. Ke3 f4+ 106. Kd2 Rd6 107. Ra5+ Kf6 108. Kc3 Ne6 109. Be4 Kg7 0-1

[Event "Early-Titled-Tuesday-Blitz-February-20-2024"]
[Site "Chess.com"]
[Date "2024.02.20"]
[Round "11"]
[White "Korchmar_Vasiliy"]
[Black "KononenkoD"]
[Result "1-0"]
[WhiteElo "2772"]
[BlackElo "2551"]
[TimeControl "180+1"]
[EndTime "10:02:32 PST"]
[Termination "Korchmar_Vasiliy won by resignation"]

1. e4 c6 2. d4 d5 3. exd5 cxd5 4. Bd3 Nc6 5. c3 Nf6 6. h3 g6 7. Nf3 Bf5 8. Bf4 Bxd3 9. Qxd3 Bg7 10. Nbd2 O-O 11.
O-O Ne8 12. Rfe1 Qd6 13. Bxd6 Nxd6 14. Ne5 1-0

[Event "Early-Titled-Tuesday-Blitz-February-20-2024"]
[Site "Chess.com"]
[Date "2024.02.20"]
[Round "11"]
[White "Kapitan_Bayan"]
[Black "dianamirza"]
[Result "0-1"]
[WhiteElo "2300"]
[BlackElo "2000"]
[TimeControl "180+1"]
[EndTime "10:03:46 PST"]
[Termination "dianamirza won by resignation"]

1. e4 c5 2. Nf3 e6 3. d4 cxd4 4. Nxd4 a6 5. c4 Qc7 6. Nc3 Nf6 7. f3 Bb4 8. a3 Bxc3+ 9. bxc3 O-O 10. Be3 Nc6 11. Be2 Ne5 12. Qb3 Rb8 13. O-O b6 14.
Bf4 d6 15. Bxe5 dxe5 16. Nc2 Bb7 17.
Ne3 Qc5 18. Kf2 Bxe4 19. fxe4 Nxe4+ 0-1

[Event "Early-Titled-Tuesday-Blitz-February-20-2024"]
[Site "Chess.com"]
[Date "2024.02.20"]
[Round "11"]
[White "Cambek64"]
[Black "romulocardoso"]
[Result "1-0"]
[WhiteElo "2465"]
[BlackElo "2337"]
[TimeControl "180+1"]
[EndTime "10:04:34 PST"]
[Termination "Cambek64 won by checkmate"]

1. d4 Nf6 2. Nc3 e6 3. e4 d5 4. Bg5 dxe4 5. Nxe4 Nbd7 6. Nf3 h6 7. Nxf6+ Nxf6 8. Bh4 Be7 9. c3 O-O 10. Bd3 c5 11. dxc5 Bxc5 12. Qc2 b6 13. O-O-O Qc7 14.
Bg3 Qb7 15. Ne5 Bd7 16. Nxd7 Nxd7 17. Bh7+ Kh8 18. Be4 Qa6 19. Bxa8 Rxa8 20. Rxd7 Qxa2 21. Rhd1 a5 22. Rd8+ Rxd8 23. Rxd8+ Bf8 24. Rxf8# 1-0

[Event "Early-Titled-Tuesday-Blitz-February-20-2024"]
[Site "Chess.com"]
[Date "2024.02.20"]
[Round "11"]
[White "Jospem"]
[Black "sergoy"]
[Result "1-0"]
[WhiteElo "3098"]
[BlackElo "2998"]
[TimeControl "180+1"]
[EndTime "10:04:40 PST"]
[Termination "Jospem won by checkmate"]

1. e4 c5 2. Nf3 e6 3. c3 d5 4.
e5 d4 5. g3 Nc6 6. d3 Nge7 7. Qe2 b6 8. Bg2 Bb7 9. O-O Qd7 10.
Nbd2 dxc3 11. bxc3 O-O-O 12. Ne4 Ng6 13. d4 cxd4 14.
cxd4 Nxd4 15. Nxd4 Qxd4 16. Bg5 Qd3 17. Rac1+ Kb8 18.
Rfd1 Qxe2 19. Rxd8+ Bc8 20. Rcxc8+ Kb7 21. Nc5# 1-0